 Dungeon Crawl Stone Soup version 0.28.0-47-ge53b351184 (webtiles) character file.

Game seed: 6919168718949346844

398 Hrothgar the Ruffian (level 6, -2/61 HPs)
             Began as a Troll Fighter on Apr 29, 2022.
             Was a Priest of Ru.
             Slain by Duvessa
             ... wielding a +1 short sword of protection
              (5 damage)
             ... on level 3 of the Dungeon.
             The game lasted 00:14:03 (2187 turns).

Hrothgar the Ruffian (Troll Fighter)                Turns: 2187, Time: 00:14:03

Health: -2/61      AC:  4    Str: 24 (25) XL:     6   Next: 53%
Magic:  5/5        EV:  8    Int:  5 (6)  God:    Ru [***...]
Gold:   81         SH:  8    Dex:  8 (9)  Spells: 5/5 levels left

rFire   . . .      SeeInvis .     - Unarmed
rCold   . . .      Faith    .   b - +1 kite shield
rNeg    . . .      Spirit   .   a - +0 robe
rPois   .          Reflect  .   (helmet restricted)
rElec   .          Harm     .   (no cloak)
rCorr   .          Rampage  .   (gloves unavailable)
Will    .....                   (boots unavailable)
Stlth   +.........              (no amulet)
HPRegen 1.00/turn               (no ring)
MPRegen 0.09/turn               (no ring)

@: no status effects
A: large, unfitting armour, claws 3, regeneration 1, shaggy fur 1, tough skin 1,
no air magic, no translocations magic, no transmutations magic, weak-willed 1
a: Renounce Religion, Draw Out Power


You were on level 3 of the Dungeon.
You worshipped Ru.
Ru was most pleased with you.
You visited 1 branch of the dungeon, and saw 4 of its levels.

You collected 81 gold pieces.

Inventory:

Missiles
 e - 19 bolts
Armour
 a - a +0 robe (worn)
 b - a +1 kite shield (worn)
Wands
 f - a wand of paralysis (7)
 h - a wand of iceblast (5)
Scrolls
 d - 2 scrolls of amnesia
Potions
 g - a potion of curing {unknown}
 i - a potion of mutation {unknown}


   Skills:
 * Level 3.1 Fighting
 * Level 1.1 Polearms
 * Level 1.3 Armour
 * Level 3.4 Dodging
 * Level 1.0 Stealth
 * Level 3.3 Shields
 * Level 3.5 Unarmed Combat
 * Level 0.2 Evocations


You had 5 spell levels left.
You didn't know any spells.
Your spell library was empty.

Dungeon Overview and Level Annotations

Branches:
Dungeon (4/15)
 Temple: D:4-7

Altars:
Ru

Shops:
D:3 (

Annotations:
D:3 Duvessa


Innate Abilities, Weirdness & Mutations

You are too large for most types of armour.
You have claws for hands.
Your natural rate of healing is unusually fast.
You are covered in fur. (AC +1)
You have tough skin. (AC +1)
You cannot study or cast Air magic.
You cannot study or cast Translocations magic.
You cannot study or cast Transmutations magic.
You are slightly weak-willed. (Will-)


Message History

Aim: Duvessa, wielding a +1 short sword of protection and wearing a +0 scale mail The mass of ice explodes!
The iceblast engulfs Duvessa!
Duvessa is moderately wounded.
The iceblast engulfs Dowan!!
You kill Dowan!
Duvessa weeps, and shakes her weapon.
Duvessa goes berserk!
Aiming: Paralyse
Press: ? - help, Shift-Dir - straight line, f/p - Duvessa
Aim: Duvessa, wielding a +1 short sword of protection and wearing a +0 scale mail (moderately wounded, berserk, chance to affect: 31%) Duvessa easily resists.
Okay, then.
Duvessa hits you with a +1 short sword of protection.
You climb upwards.
There is a stone staircase leading down here.
You scratch Duvessa but do no damage.
Duvessa is moderately wounded.
Duvessa is stunned by your conviction and fails to attack.
Duvessa hits you with a +1 short sword of protection!
You scratch Duvessa but do no damage.
Duvessa is moderately wounded.
Duvessa hits you with a +1 short sword of protection!!
You block Duvessa's attack.
You barely miss Duvessa.
Duvessa is moderately wounded.
You block Duvessa's attack.
Duvessa hits you with a +1 short sword of protection!
Duvessa hits you with a +1 short sword of protection.
* * * LOW HITPOINT WARNING * * *
You block Duvessa's attack.
Duvessa hits you with a +1 short sword of protection.
An adder comes into view.
You hear an angry hiss.
Duvessa hits you with a +1 short sword of protection!!
* * * LOW HITPOINT WARNING * * *
It was a potion of degeneration.
There was something very wrong with that liquid.
You feel weakened.
You feel dopey.
You feel clumsy.
Duvessa hits you with a +1 short sword of protection.
You die...

...................##....#####
...........#### #.........#
...".......# ##.S....####
...........# ###..##.#.#
...........####.......#.#
...#.....#...#....#####.#
####.######.....### #<#
####.#####..##...### ##.# #
...............e@..###..# ###
##.#.######..#####.....## #..
#...####....# ###..## #)#
##..#....##.# #..## ##.#
##.....###..# ####...#
#####..# #...##.###.##
##....#.###.....##
##.#.##....>#
#..####..##.#####
...#.##.....# #.## ##.#..#
####........####.######.#.##


You could see Duvessa (berserk).

Vanquished Creatures
  Sigmund (D:2)
  Dowan (D:4)
  A hound (D:3)
  Terence (D:2)
  Natasha (thrice) (D:3)
  2 adders
  An orc (D:3)
  4 ball pythons
  3 endoplasms
  A giant cockroach (D:1)
  2 goblins (D:2)
  3 hobgoblins
  5 jackals (D:2)
  4 quokkas
  8 bats
  2 frilled lizards
  5 kobolds
  5 rats
52 creatures vanquished.

Notes
Turn   | Place    | Note
-------+----------+-------------------------------------------
     0 | D:1      | Hrothgar the Troll Fighter began the quest for the Orb.
     0 | D:1      | Reached XP level 1. HP: 22/22 MP: 0/0
   191 | D:1      | Reached XP level 2. HP: 28/29 MP: 1/1
   215 | D:1      | Found a faded altar of an unknown god.
   231 | D:1      | Prayed at the altar of an unknown god.
   231 | D:1      | Became a worshipper of Ru the Awakened
   241 | D:1      | Gained mutation: You are slightly weak-willed. (Will-) [Ru
                  | sacrifice]
   241 | D:1      | Reached * piety under Ru
   241 | D:1      | Reached ** piety under Ru
   773 | D:2      | Noticed Sigmund
   783 | D:2      | Killed Sigmund
   784 | D:2      | Reached skill level 1 in Armour
   784 | D:2      | Reached XP level 3. HP: 21/37 MP: 2/2
   784 | D:2      | Reached XP level 4. HP: 26/45 MP: 3/3
   784 | D:2      | Reached XP level 5. HP: 31/53 MP: 4/4
   900 | D:2      | Noticed Terence
   910 | D:2      | Killed Terence
  1498 | D:3      | Found Muss's Antique Weapon Shoppe.
  1503 | D:3      | Noticed Natasha
  1518 | D:3      | Killed Natasha
  1585 | D:3      | Reached XP level 6. HP: 61/61 MP: 5/5
  1680 | D:3      | Noticed Natasha
  1684 | D:3      | Killed Natasha
  1685 | D:3      | Reached skill level 1 in Stealth
  1747 | D:3      | Noticed Natasha
  1756 | D:3      | Killed Natasha
  1757 | D:3      | Reached skill level 1 in Polearms
  2076 | D:3      | Gained mutation: You cannot study or cast Air magic. [Ru
                  | sacrifice]
  2076 | D:3      | Gained mutation: You cannot study or cast Transmutations
                  | magic. [Ru sacrifice]
  2076 | D:3      | Gained mutation: You cannot study or cast Translocations
                  | magic. [Ru sacrifice]
  2076 | D:3      | Reached *** piety under Ru
  2164 | D:4      | Noticed Duvessa
  2165 | D:4      | Noticed Dowan
  2171 | D:4      | Killed Dowan
  2186 | D:3      | HP: 2/61 [Duvessa/+1 short sword of protection (19)]
  2187 | D:3      | Slain by Duvessa

Illustrated notes

Levels and vault maps discovered:
D:1:      minmay_arrival_semitransparent, layout_rooms,
          chequers_ecumenical_altar_simple_redux, chequers_big_river
D:2:      layout_loops_corners, chequers_mini_garden, uniq_sigmund, uniq_terence
D:3:      layout_rooms, serial_shops, shop, nicolae_elevator_lobby_plus,
          uniq_natasha
D:4:      cheibrodos_barr_body, layout_gridville, serial_shops,
          nicolae_shop_statue_plus, uniq_duvessa

Skill      XL: |  1  2  3  4  5  6 |
---------------+-------------------+-----
Fighting       | 3 |  3.1
Armour         | 1 |  1.3
Dodging        | 3 |  3.4
Shields        | 3 |  3.3
Unarmed Combat | 3 |  3.5
Stealth        | 1 |  1.0
Polearms       | 1 |  1.1
Evocations     | |  0.2

Action                   |  1- 3 |  4- 6 || total
-------------------------+-------+-------++-------
Melee: Unarmed           |    60 |    35 ||    95
       Scythe            |       |    80 ||    80
       Punch             |       |     1 ||     1
Invok: Sacrifice Essence |     1 |       ||     1
       Sacrifice Arcana  |       |     1 ||     1
Evoke: Wand              |       |     5 ||     5
  Use: Scroll            |     2 |     4 ||     6
       Potion            |     1 |     3 ||     4
 Stab: Paralysed         |       |     1 ||     1
Armor: Robe              |    15 |    67 ||    82
Dodge: Dodged            |    19 |   121 ||   140
Block: Kite shield       |    20 |     7 ||    27
